 Dungeon Crawl Stone Soup version 0.23-a0-448-g1c01f63 (webtiles) character file.

77 Dfrag the Digger (level 4, 31/36 HPs)
             Began as a Deep Dwarf Earth Elementalist on Nov 19, 2018.
             Quit the game on level 3 of the Dungeon.
             The game lasted 00:02:39 (1368 turns).

Dfrag the Digger (Deep Dwarf Earth Elementalist)    Turns: 1368, Time: 00:02:40

Health: 31/36      AC:  3    Str: 12    XL:     4   Next: 14%
Magic:  1/7        EV: 13    Int: 16    God:
Gold:   131        SH:  0    Dex: 13    Spells: 5/9 levels left

rFire    . . .     SeeInvis .   (no weapon)
rCold    . . .     Gourm    .   (no shield)
rNeg     . . .     Faith    +   c - +0 robe
rPois    +         Spirit   .   (no helmet)
rElec    .         Reflect  .   (no cloak)
rCorr    .         Harm     .   t - +0 pair of gloves
MR       .....                  (no boots)
Stlth    ++........             q - amulet of faith
HPRegen  0.00/turn              a - ring of poison resistance
MPRegen  0.10/turn              g - +1 ring of evasion

@: non-regenerating
A: damage resistance, heal wounds, sense surroundings 1, no regeneration
a: Heal Wounds


You were on level 3 of the Dungeon.
You were hungry.

You visited 1 branch of the dungeon, and saw 3 of its levels.

You collected 131 gold pieces.

Inventory:

Missiles
 b - 28 stones (quivered)
Armour
 c - a +0 robe (worn)
 t - a +0 pair of gloves (worn)
Jewellery
 a - a ring of poison resistance (left hand)
 g - a +1 ring of evasion (right hand)
 i - an uncursed ring of ice
 q - an amulet of faith (around neck)
Wands
 o - a wand of iceblast (7)
Scrolls
 e - a scroll of enchant armour {unknown}
 f - 2 scrolls of identify {unknown}
 h - 2 scrolls of amnesia {unknown}
 k - a scroll of remove curse {unknown}
 n - a scroll of random uselessness {unknown}
 u - a scroll of magic mapping {unknown}
Potions
 j - a potion of might {unknown}
 l - a potion of cancellation {unknown}
 m - a potion of haste {unknown}
 p - a potion of berserk rage {unknown}
 r - a potion of flight {unknown}
 s - 3 potions of curing {unknown}
 v - a potion of resistance {unknown}
Comestibles
 d - 7 rations
 w - 4 chunks of flesh


   Skills:
 - Level 2.1 Dodging
 - Level 2.4 Stealth
 * Level 3.2 Spellcasting
   Level 0.8 Transmutations
 + Level 5.0 Earth Magic


You had 5 spell levels left.
You knew the following spells:

 Your Spells              Type           Power        Failure   Level  Hunger
a - Sandblast             Erth           ###...       2%          1    None
b - Stone Arrow           Conj/Erth      ##....       19%         3    ###....

Your spell library contained the following spells:

 Spells                   Type           Power        Failure   Level  Hunger
 Passwall                 Tmut/Erth      ##......     9%          2    ##.....
 Petrify                  Tmut/Erth      ##......     47%         4    ####...
 Lee's Rapid Deconstruct  Erth           ###.......   54%         5    ######.


Dungeon Overview and Level Annotations

Branches:
Dungeon (3/15)

Altars:


Innate Abilities, Weirdness & Mutations

You are resistant to damage.
You can heal yourself by infusing magical energy.
You passively map a small area around you.
You do not regenerate.


Message History

b - 28 stones The centaur hits you.
Unknown command.
Casting: Sandblast (safe; 2% risk of failure)
Confirm with . or Enter, or press ? or * to list all spells.
You don't have enough magic to cast that spell.
Unknown command.
Unknown command.
You hit the centaur but do no damage.
The centaur is severely wounded.
The centaur barely misses you.
A jackal comes into view.
The centaur hits you.
You hit the centaur.
The centaur is almost dead.
The centaur hits you!
* * * LOW HITPOINT WARNING * * *
Your magical essence is drained by the effort!
You feel much better. The centaur misses you. The centaur barely misses you.
Are you sure you want to abandon this character and quit the game? (Confirm

* * ##.##
#.# ** * *
#รท# * #.#
* #.#####
* #.....#
, #####.#
,
####(####
*#.@(....#
* *,
#c#####.#
* #h ># ,
.h *, ,...
, ,, ###.*
* * #. ,
#. * , *


You could see a centaur and 2 jackals.

Vanquished Creatures
  An adder (D:2)
  3 oozes
  2 worms (D:2)
  2 dart slugs
  2 leopard geckos
  3 giant cockroaches
  A goblin (D:2)
  7 hobgoblins
  2 jackals (D:1)
  2 quokkas (D:2)
  3 bats
  3 frilled lizards
  3 kobolds
  10 rats
44 creatures vanquished.

Notes
Turn   | Place    | Note
-------+----------+-------------------------------------------
     0 | D:1      | Dfrag the Deep Dwarf Earth Elementalist began the quest for
                  | the Orb.
     0 | D:1      | Reached XP level 1. HP: 15/15 MP: 3/3
   207 | D:1      | Reached XP level 2. HP: 11/22 MP: 0/5
   416 | D:1      | Reached XP level 3. HP: 3/28 MP: 0/7
   426 | D:1      | Learned a level 3 spell: Stone Arrow
  1004 | D:2      | Reached XP level 4. HP: 25/36 MP: 1/8
  1012 | D:2      | Reached skill level 5 in Earth Magic
  1358 | D:3      | Noticed a centaur
  1368 | D:3      | Quit the game

Vault maps used:
D:1:      ncdulo_watergridlock
D:3:      bloody_trog, gammafunk_ghost_cemetery, uniq_sigmund, uniq_terence,
          uniq_jessica

Skill      XL: |  1  2  3  4 |
---------------+-------------+-----
Spellcasting   | 2 3 |  3.2
Earth Magic    | 5 |  5.0
Dodging        | |  2.1
Stealth        | |  2.4
Transmutations | |  0.8

Action                   |  1- 3 |  4- 6 || total
-------------------------+-------+-------++-------
Melee: Unarmed           |    49 |     2 ||    51
 Cast: Sandblast         |    45 |     9 ||    54
       Stone Arrow       |     2 |     4 ||     6
 Abil: Heal Wounds       |     1 |     1 ||     2
  Eat: Chunk             |     1 |     1 ||     2
Armor: Robe              |    14 |     1 ||    15
Dodge: Dodged            |    39 |     8 ||    47

Table legend:
 A = Non-vault XP
 B = Vault XP
 C = Vault XP percentage of total XP
 D = Non-vault monster count
 E = Vault monster count
 F = Vault count percentage of total count
                 A         B        C        D         E       F
            +---------+---------+-------+---------+---------+-------
      Total |     111 |       0 |   0.0 |      44 |       0 |   0.0
            +---------+---------+-------+---------+---------+-------
        D:1 |      43 |       0 |   0.0 |      19 |       0 |   0.0
        D:2 |      65 |       0 |   0.0 |      24 |       0 |   0.0
        D:3 |       3 |       0 |   0.0 |       1 |       0 |   0.0
            +---------+---------+-------+---------+---------+-------
